 Dungeon Crawl Stone Soup version 5.7-8-g3a8b389 (webtiles) character file.

17 Sir the Grave Robber (level 3, -2/21 HPs)
             Began as a Jiangshi Necromancer on Sept 3, 2018.
             Slain by an adder (4 damage)
             ... on level 2 of the Dungeon.
             The game lasted 00:02:08 (1764 turns).

Sir the Grave Robber (Jiangshi Necromancer)         Turns: 1764, Time: 00:02:09

Health: -2/21      AC:  2 (0%)Str:  7   XL:     3   Next: 14%
Magic:  0/5        EV: 13    Int: 17    God:
Gold:   60         SH:  0    Dex: 15    Spells: 5/6 levels left

rFire    . . .     SeeInvis +   c - +0 dagger
rCold    + . .     Faith    .   (no shield)
rNeg     + + .     Spirit   .   a - +0 robe
rPois    +         Reflect  .   (no helmet)
rElec    .                      (no cloak)
rCorr    .                      (no gloves)
MR       .....                  (no boots)
Stlth    ++++......             (no amulet)
Regen    0.1/turn               (no ring)
MPRegen  0.2/turn               (no ring)

@: no status effects
A: hp from kills, fangs 3, see invisible, cold resistance 1, frail 1, negative
energy resistance 2, poison resistance, unbreathing, stiff legs 1
a: Hop


You were on level 2 of the Dungeon.
You were not thirsty.

You visited 1 branch of the dungeon, and saw 2 of its levels.

You collected 60 gold pieces.

Inventory:

Hand Weapons
 c - a +0 dagger (weapon)
Armour
 a - a +0 robe (worn)
Scrolls
 b - a scroll of teleportation
 d - a scroll of amnesia
 e - a scroll of fear


   Skills:
 * Level 1.9 Blades
 - Level 2.1 Dodging
 + Level 3.6 Stealth
 + Level 1.5 Hexes
 + Level 5.7 Necromancy


You had 5 spell levels left.
You knew the following spells:

 Your Spells              Type           Power        Failure   Level  Hunger
a - Pain                  Necr           19 (25)      2%          1    N/A

Your spell library contained the following spells:

 Spells                   Type           Power        Failure   Level  Hunger
 Animate Dead             Necr           19 (200)     22%         4    N/A
 Control Undead           Necr           19 (200)     22%         4    N/A
 Vampiric Draining        Necr           19 (200)     7%          3    N/A
 Regeneration             Chrm/Necr      9 (200)      22%         3    N/A
 Sublimation of Blood     Necr           19 (200)     3%          2    N/A

Dungeon Overview and Level Annotations

Branches:
Dungeon (2/15)

Altars:


Innate Abilities, Weirdness & Mutations

You sometimes restore health when killing living enemies.
You have razor-sharp teeth.
You have supernaturally acute eyesight. (SInv)
Your flesh is cold resistant. (rC+)
You are quite resistant to negative energy. (rN++)
Your system is resistant to poisons. (rPois)
You can survive without breathing.
You can hop short distances.
You are frail. (-10% HP)


Message History

The adder writhes in agony (4)!
The adder misses you.
Casting: Pain (safe; 2% risk of failure)
Confirm with . or Enter, or press ? or * to list all spells.
Aiming: Pain (safe; 2% risk of failure)
Press: ? - help, Shift-Dir - straight line, f/p - adder
Aim: an adder (heavily wounded, chance to defeat MR: 84%)
The adder writhes in agony (2)!
The adder misses you. x2
Casting: Pain (safe; 2% risk of failure)
Confirm with . or Enter, or press ? or * to list all spells.
Aiming: Pain (safe; 2% risk of failure)
Press: ? - help, Shift-Dir - straight line, f/p - adder
Aim: an adder (severely wounded, chance to defeat MR: 84%)
The adder barely resists.
The adder barely misses you.
Casting: Pain (safe; 2% risk of failure)
Confirm with . or Enter, or press ? or * to list all spells.
Aiming: Pain (safe; 2% risk of failure)
Press: ? - help, Shift-Dir - straight line, f/p - adder
Aim: an adder (severely wounded, chance to defeat MR: 84%)
The adder barely resists.
The adder bites you (4).
You die...

#.# ..# ## #.# #.# ..##.#
#.# #.##.# #.# #.##.# ##.##
#.##.#####...######.# .♣
#...................#
....###.##.#####...########
#.........gS@.....##
#.####.##g########
...........# #.#####.####
#... #... ....# ######


You could see an adder and 2 hobgoblins.

Vanquished Creatures
  2 oozes (D:1)
  3 quokkas
  A giant cockroach (D:2)
  3 goblins (D:1)
  4 hobgoblins (D:1)
  A ball python (D:1)
  A bat (D:1)
  2 frilled lizards (D:1)
  3 kobolds (D:1)
  3 rats (D:1)
23 creatures vanquished.

Notes
Turn   | Place    | Note
-------+----------+-------------------------------------------
     0 | D:1      | Sir the Jiangshi Necromancer began the quest for the Orb.
     0 | D:1      | Reached XP level 1. HP: 13/13 MP: 2/2
   336 | D:1      | Reached skill level 1 in Blades
   336 | D:1      | Reached XP level 2. HP: 13/19 MP: 0/4
   371 | D:1      | Reached skill level 1 in Hexes
  1479 | D:1      | Reached XP level 3. HP: 19/24 MP: 5/5
  1718 | D:1      | Gained mutation: You are frail. (-10% HP) [mutagenic hatch]
  1764 | D:2      | Slain by an adder

Skill      XL: |  1  2 |
---------------+-------+-----
Blades         | 1 |  1.9
Hexes          | 1 |  1.5
Dodging        | |  2.1
Stealth        | |  3.6
Necromancy     | |  5.7

Action                   || total
-------------------------++-------
Melee: Unarmed           ||    46
       Bite              ||     9
       Dagger            ||    68
 Cast: Pain              ||    20
 Stab: Sleeping          ||     6
Armor: Robe              ||    21
Dodge: Dodged            ||    89
